 Dungeon Crawl Stone Soup version 0.24.0-125-gc4c63601f3 (webtiles) character file.

Game seed: 15978695333569737501, levelgen mode: deterministic

84 Lemonice the Insei (level 4, -3/28 HPs)
             Began as an Octopode Transmuter on Feb 23, 2020.
             Was an Initiate of Nemelex Xobeh.
             Killed by divine providence
             ... invoked by an orc priest
              (16 damage)
             ... on level 3 of the Dungeon.
             The game lasted 00:05:48 (1593 turns).

Lemonice the Insei (Octopode Transmuter)            Turns: 1593, Time: 00:05:49

Health: -3/28      AC:  1    Str:  9    XL:     4   Next: 46%
Magic:  6/7        EV: 13    Int: 16    God:    Nemelex Xobeh [......]
Gold:   163        SH:  0    Dex: 12    Spells: 6/7 levels left

rFire    . . .     SeeInvis .     - Unarmed
rCold    . . .     Gourm    .   (no shield)
rNeg     . . .     Faith    .   (helmet restricted)
rPois    .         Spirit   .   k - amulet of harm
rElec    .         Reflect  .   (no ring)
rCorr    .         Harm     +   (no ring)
MR       .....                  (no ring)
Stlth    ++........             (no ring)
HPRegen  0.09/turn              (no ring)
MPRegen  0.10/turn              (no ring)
                                (no ring)
                                (no ring)

@: appendage (expiring)
A: almost no armour, stealthy swim, amphibious, 8 rings, constrict 8, tentacle
spike 3, camouflage 1, gelatinous body 1
a: End Transformation, Draw Escape, Draw Destruction, Draw Summoning, Renounce
Religion


You were on level 3 of the Dungeon.
You worshipped Nemelex Xobeh.
Nemelex Xobeh was noncommittal.
You were hungry.
One of your tentacles had a temporary spike.
You visited 1 branch of the dungeon, and saw 4 of its levels.

You collected 163 gold pieces.

Inventory:

Missiles
 a - 60 arrows
Armour
 f - a +2 buckler
Jewellery
 k - an amulet of harm (around mantle)
Scrolls
 b - 5 scrolls of identify {unknown}
 g - a scroll of teleportation {unknown}
 i - 3 scrolls of random uselessness {unknown}
 j - 2 scrolls of enchant armour {unknown}
 n - a scroll of immolation {unknown}
Potions
 d - a potion of mutation {unknown}
 e - a potion of degeneration {unknown}
 h - a potion of magic {unknown}
 l - 3 potions of lignification {unknown}
 m - a potion of curing {unknown}
Comestibles
 c - 3 rations


   Skills:
 + Level 1.0 Fighting
 - Level 2.0 Dodging
 - Level 0.7 Stealth
 + Level 4.3 Unarmed Combat
 - Level 2.0 Spellcasting
 + Level 2.0 Transmutations
 - Level 2.4 Invocations


You had 6 spell levels left.
You knew the following spells:

 Your Spells              Type           Power        Failure   Level  Hunger
a - Beastly Appendage     Tmut           #.....       9%          1    #......

Your spell library contained the following spells:

 Spells                   Type           Power        Failure   Level  Hunger
 Sticks to Snakes         Tmut           #.......     14%         2    ###....
 Spider Form              Tmut/Pois      #.........   38%         3    ###....
 Ice Form                 Ice/Tmut       #.......     80%         4    #####..
 Blade Hands              Tmut           #.........   94%         5    ######.


Dungeon Overview and Level Annotations

Branches:
Dungeon (4/15)
 Temple: D:4-7

Altars:
Hepliaklqana
Nemelex Xobeh
Trog
The Shining One

Annotations:
D:4 Pikel


Innate Abilities, Weirdness & Mutations

You cannot wear most types of armour.
You are very stealthy in the water. (Stealth+)
You are amphibious.
You can wear up to eight rings at the same time.
You can use your tentacles to constrict eight enemies at once.
Your skin changes colour to match your surroundings (Stealth+).
Your rubbery body absorbs attacks. (AC +1, EV +1)
One of your tentacles bears a large vicious spike.


Message History

The orc shouts!
An orc comes into view. It is wielding a +0 club.
An orc priest comes into view. It is wielding a +0 short sword.
The orc misses you.
You draw a card...
You have drawn Vitriol.
Press: ? - help, Shift-Dir - straight line, f - orc priest
Aim: an orc priest, wielding a +0 club and wearing a +0 ring mail The glob of acid hits the orc!
The orc is splashed with acid.
The acid corrodes the orc!
You kill the orc!
Your transformation is almost over.
The orc priest mumbles some strange prayers to Beogh against you.
Beogh smites you!
Ouch! That really hurt!
The orc priest invokes the aid of Beogh against you.
Beogh smites you!
Ouch! That really hurt!
You die...
Your body disappears without a glow.

.#### #.#...########.##.....#.#
## #.#.....................## #
#####.##..##.####.....####...#
###..................#####.......
.............##>.......#...###..#
###....... o. #..................
......### #.#..................
.........# #)........#..........
......##.# ##o†@.....#........#.
...............................#.
......###..........####........#.
..>...# ..........# #........#.
......# ..........# ##########.
......# ..........# ## #######
..........# # ..........# #
#######


You could see 2 orc priests.

Vanquished Creatures
  3 adders
  An ooze (D:1)
  An adder skeleton (D:3)
  A worm (D:3)
  2 dart slugs
  An orc (D:3)
  2 ball pythons
  5 bats
  4 giant cockroaches
  6 goblins
  2 hobgoblins (D:3)
  2 jackals (D:3)
  3 kobolds (D:1)
  4 frilled lizards
  3 rats
40 creatures vanquished.

Vanquished Creatures (collateral kills)
  A dart slug (D:3)
  A jackal (D:3)
2 creatures vanquished.

Grand Total: 42 creatures vanquished

Notes
Turn   | Place    | Note
-------+----------+-------------------------------------------
     0 | D:1      | Lemonice the Octopode Transmuter began the quest for the
                  | Orb.
     0 | D:1      | Reached XP level 1. HP: 13/13 MP: 3/3
    93 | D:1      | Reached XP level 2. HP: 10/18 MP: 3/5
   458 | D:1      | Reached skill level 4 in Unarmed Combat
   702 | D:2      | Reached XP level 3. HP: 23/23 MP: 4/6
   747 | D:2      | Found a hazy altar of Hepliaklqana.
   923 | D:2      | You fall into a shaft and drop 2 floors!
   946 | D:4      | Found a sparkling altar of Nemelex Xobeh.
   951 | D:4      | Became a worshipper of Nemelex Xobeh the Trickster
  1025 | D:4      | Noticed a slave
  1027 | D:4      | Noticed a slave
  1028 | D:4      | Noticed a slave
  1030 | D:4      | Noticed Pikel
  1047 | D:3      | Received a gift from Nemelex Xobeh
  1246 | D:3      | Reached skill level 1 in Invocations
  1277 | D:3      | Reached XP level 4. HP: 20/28 MP: 4/7
  1510 | D:3      | Found a sparkling altar of Nemelex Xobeh.
  1510 | D:3      | Found a glowing golden altar of the Shining One.
  1512 | D:3      | Found a bloodstained altar of Trog.
  1514 | D:3      | Found a faded altar of an unknown god.
  1593 | D:3      | Killed from afar by an orc priest

Levels and vault maps discovered:
D:1:      psy_arrival_statuary, layout_basic
D:2:      layout_basic, nicolae_overflow_crystal_walls
D:3:      layout_rooms, grunt_temple_overflow_open,
          chequers_ecumenical_altar_simple_redux
D:4:      layout_loops_cross, chequers_temple_overflow_statue_of_worship,
          nemelex_diamond_rough_becter, uniq_pikel

Skill      XL: |  1  2  3  4 |
---------------+-------------+-----
Unarmed Combat | 4 |  4.3
Invocations    | 1 2 |  2.4
Fighting       | |  1.0
Dodging        | |  2.0
Stealth        | |  0.7
Spellcasting   | |  2.0
Transmutations | |  2.0

Action                   |  1- 3 |  4- 6 || total
-------------------------+-------+-------++-------
Melee: Unarmed           |    61 |    23 ||    84
       Constrict         |    15 |     5 ||    20
       Tentacles         |    12 |     1 ||    13
       Kick              |     8 |     6 ||    14
       Punch             |     1 |       ||     1
 Cast: Beastly Appendage |    13 |     7 ||    20
 Abil: Draw Destruction  |       |     1 ||     1
       Draw Summoning    |       |     1 ||     1
 Stab: Sleeping          |     4 |     1 ||     5
  Eat: Chunk             |     1 |     1 ||     2
Armor: Skin              |     5 |     2 ||     7
Dodge: Dodged            |    35 |    16 ||    51
